AoeStats
← 1ØØ | Camilo

Arabian Desert

509774058Analyzed
1v1 RM · 3d ago on Sep 28, 2026· 29m 6s· 2 players
Game mode
Random Map
Map size
Tiny (2 player)
Population
200
Speed
Normal
Resources
Standard
Victory
Conquest
Starting age
Dark Age
Ending age
Imperial Age
RankedLock teamsTeams togetherTeam positionsShared explorationLock speedFull tech treeHidden civsTurbo modeCheats
Victory
Defeat
🇵🇱 Saxons · Poland
1354
+18
🇨🇴 Bulgarians · Colombia
1390
-18
Blak San
6:21 Loom
9:07 Feudal Age
10:30 Double-Bit Axe
14:58 Fletching
17:52 Bloodlines
19:40 Wheelbarrow
23:19 Castle Age
23:22 Crossbowman
24:45 Bodkin Arrow
26:35 Horse Collar
27:27 Bow Saw
27:23 Heavy Plow
28:15 Gold Mining
1ØØ | Camilo
7:51 Loom
9:58 Feudal Age
12:41 Double-Bit Axe
14:58 Horse Collar
24:39 Castle Age
24:27 Stone Mining
24:28 Gold Mining
25:03 Scale Barding Armor
25:08 Forging
25:38 Elite Skirmisher
26:08 Elite Skirmisher
26:52 Fletching
Connection lost

Rejoining the realm…

Still unreachable

The connection could not be restored.

Session expired

The server has moved on; the page needs a fresh start.